| TOP OF THE 1ST |
|
Milwaukee Brewers batting - Pitching for San Francisco Giants : RHP Curt Howland
|
|
Pitching: RHP Curt Howland
|
|
|
Batting: RHB Akitada Nishizawa
|
0-0: Swinging Strike 0-1: Foul Ball, location: 2F 0-2: Foul Ball, location: 2F 0-2: Ball 1-2: Strikes out swinging
|
|
Batting: SHB Junzo Kato
|
0-0: Ball 1-0: Called Strike 1-1: Ball 2-1: Foul Ball, location: 2F 2-2: Foul Ball, location: 2F 2-2: Ball 3-2: Foul Ball, location: 2F 3-2: Foul Ball, location: 2F 3-2: Foul Ball, location: 2F 3-2: Strikes out swinging
|
|
Batting: SHB Lewis Thorpe Jr.
|
0-0: Ground out 6-3 (Groundball, 6M, EV 96.9 MPH)
|
| Top of the 1st over - 0 runs, 0 hits, 0 errors, 0 left on base; Milwaukee 0 - San Francisco 0 |
| BOTTOM OF THE 1ST |
|
San Francisco Giants batting - Pitching for Milwaukee Brewers : RHP Cody Autry
|
|
Pitching: RHP Cody Autry
|
|
|
Batting: SHB Ryan Doss
|
0-0: Foul Ball, location: 2F 0-1: Ball 1-1: SINGLE (Groundball, 3S, EV 60.6 MPH) (infield hit)
|
|
Batting: RHB Bill Defazio
|
0-0: Ball Ryan Doss steals 2nd base (no throw) 1-0: Ball Wild Pitch! Ryan Doss to third 2-0: Ball 3-0: Fly out, F9 (Flyball, 9, EV 91.2 MPH)
|
|
Batting: LHB Jack Henningar
|
0-0: Foul Ball, location: 2F 0-1: Ball 1-1: Swinging Strike 1-2: Fly out, F8 (Line Drive, 8RD, EV 91.9 MPH) Runner from 3rd tags up, OUT at HOME! 8-2
|
| Bottom of the 1st over - 0 runs, 1 hit, 0 errors, 0 left on base; Milwaukee 0 - San Francisco 0 |
| TOP OF THE 2ND |
|
Milwaukee Brewers batting - Pitching for San Francisco Giants : RHP Curt Howland
|
|
Batting: LHB Eric Klasek
|
0-0: Ball 1-0: Ball 2-0: Called Strike 2-1: Foul Ball, location: 2F 2-2: Foul Ball, location: 2F 2-2: Foul Ball, location: 2F 2-2: Ball 3-2: Foul Ball, location: 2F 3-2: Base on Balls
|
|
Batting: LHB Ernesto Cedillos
|
0-0: Swinging Strike 0-1: Foul Ball, location: 2F 0-2: Strikes out swinging
|
|
Batting: RHB Ryan Neal
|
0-0: Ball 1-0: Called Strike 1-1: Called Strike 1-2: Ball 2-2: SINGLE (Flyball, 34D, EV 94.4 MPH) Eric Klasek to second Runner from 2nd tries for 3rd, OUT! 9-5
|
|
Batting: RHB Noah Stanley
|
0-0: Ball 1-0: Ball 2-0: Called Strike 2-1: Swinging Strike 2-2: Strikes out swinging
|
| Top of the 2nd over - 0 runs, 1 hit, 0 errors, 1 left on base; Milwaukee 0 - San Francisco 0 |
| BOTTOM OF THE 2ND |
|
San Francisco Giants batting - Pitching for Milwaukee Brewers : RHP Cody Autry
|
|
Batting: LHB Carey Horncole
|
0-0: Ball 1-0: Ball 2-0: Swinging Strike 2-1: Called Strike 2-2: Foul Ball, location: 2F 2-2: Foul Ball, location: 2F 2-2: Strikes out swinging
|
|
Batting: LHB Tom Best
|
0-0: Ball 1-0: Swinging Strike 1-1: Ball 2-1: SINGLE (Groundball, 6MS, EV 68.1 MPH) (infield hit)
|
|
Batting: SHB Bill Dooms
|
0-0: Called Strike 0-1: Ball 1-1: Fly out, F8 (Line Drive, 8LM, EV 95.0 MPH)
|
|
Batting: LHB John Blair
|
0-0: Foul Ball, location: 2F 0-1: Fielders Choice at 2nd, 6-4 (Groundball, 6, EV 101.9 MPH)
|
| Bottom of the 2nd over - 0 runs, 1 hit, 0 errors, 1 left on base; Milwaukee 0 - San Francisco 0 |
| TOP OF THE 3RD |
|
Milwaukee Brewers batting - Pitching for San Francisco Giants : RHP Curt Howland
|
|
Batting: LHB Gabe Harvey
|
0-0: Foul Ball, location: 2F 0-1: Ball 1-1: Called Strike 1-2: Ball 2-2: Foul Ball, location: 2F 2-2: Foul Ball, location: 2F 2-2: Foul Ball, location: 2F 2-2: Strikes out looking
|
|
Batting: SHB Mitchell Greene
|
0-0: Ball 1-0: Swinging Strike 1-1: Swinging Strike 1-2: Foul Ball, location: 2F 1-2: Strikes out looking
|
|
Batting: RHB Akitada Nishizawa
|
0-0: Called Strike 0-1: Ball 1-1: SINGLE (Groundball, 15S, EV 69.4 MPH) (infield hit)
|
|
Batting: SHB Junzo Kato
|
0-0: Called Strike Akitada Nishizawa steals 2nd base 0-1: Called Strike 0-2: Strikes out looking
|
| Top of the 3rd over - 0 runs, 1 hit, 0 errors, 1 left on base; Milwaukee 0 - San Francisco 0 |
| BOTTOM OF THE 3RD |
|
San Francisco Giants batting - Pitching for Milwaukee Brewers : RHP Cody Autry
|
|
Batting: RHB Nate Hodson
|
0-0: Ground out U3 (Groundball, 3, EV 106.2 MPH)
|
|
Batting: RHB Cesar Martinez
|
0-0: Ball 1-0: Ball 2-0: Ground out 6-3 (Groundball, 6, EV 84.4 MPH)
|
|
Batting: SHB Ryan Doss
|
0-0: Called Strike 0-1: Swinging Strike 0-2: Ball 1-2: Ball 2-2: Foul Ball, location: 2F 2-2: Ball 3-2: Base on Balls
|
|
Batting: RHB Bill Defazio
|
0-0: Called Strike 0-1: Foul Ball, location: 2F 0-2: Foul Ball, location: 2F 0-2: Fly out, F9 (Flyball, 9S, EV 89.4 MPH)
|
| Bottom of the 3rd over - 0 runs, 0 hits, 0 errors, 1 left on base; Milwaukee 0 - San Francisco 0 |
| TOP OF THE 4TH |
|
Milwaukee Brewers batting - Pitching for San Francisco Giants : RHP Curt Howland
|
|
Batting: SHB Lewis Thorpe Jr.
|
0-0: Foul Ball, location: 2F 0-1: Ball 1-1: Called Strike 1-2: Strikes out looking
|
|
Batting: LHB Eric Klasek
|
0-0: Ball 1-0: Called Strike 1-1: Ball 2-1: Swinging Strike 2-2: SINGLE (Groundball, 56D, EV 101.9 MPH)
|
|
Batting: LHB Ernesto Cedillos
|
0-0: Swinging Strike 0-1: Ball 1-1: Swinging Strike 1-2: Ball 2-2: Foul Ball, location: 2F 2-2: Ball 3-2: Strikes out swinging Eric Klasek is caught stealing 2nd base 2-6 Batter strikes out.
|
| Top of the 4th over - 0 runs, 1 hit, 0 errors, 0 left on base; Milwaukee 0 - San Francisco 0 |
| BOTTOM OF THE 4TH |
|
San Francisco Giants batting - Pitching for Milwaukee Brewers : RHP Cody Autry
|
|
Batting: LHB Jack Henningar
|
0-0: Foul Ball, location: 2F 0-1: Ball 1-1: Ground out 6-3 (Groundball, 6, EV 88.8 MPH)
|
|
Batting: LHB Carey Horncole
|
0-0: SOLO HOME RUN (Flyball, 7D, EV 94.4 MPH), Distance : 374 ft
|
|
Batting: LHB Tom Best
|
0-0: Ball 1-0: Foul Ball, location: 2F 1-1: Called Strike 1-2: Ball 2-2: Strikes out looking
|
|
Batting: SHB Bill Dooms
|
0-0: Foul Ball, location: 2F 0-1: Ball 1-1: Ball 2-1: Called Strike 2-2: Ball 3-2: Base on Balls
|
|
Batting: LHB John Blair
|
0-0: Ball 1-0: Foul Ball, location: 2F 1-1: Ball 2-1: Foul Ball, location: 2F 2-2: Foul Ball, location: 2F 2-2: Fly out, F7 (Flyball, 7S, EV 95.6 MPH)
|
| Bottom of the 4th over - 1 run, 1 hit, 0 errors, 1 left on base; Milwaukee 0 - San Francisco 1 |
| TOP OF THE 5TH |
|
Milwaukee Brewers batting - Pitching for San Francisco Giants : RHP Curt Howland
|
|
Batting: RHB Ryan Neal
|
0-0: Ball 1-0: Ground out 4-3 (Groundball, 4, EV 85.6 MPH)
|
|
Batting: RHB Noah Stanley
|
0-0: Ball 1-0: SINGLE (Line Drive, 78S, EV 107.5 MPH)
|
|
Batting: LHB Gabe Harvey
|
0-0: Called Strike 0-1: Ball 1-1: Foul Ball, location: 2F 1-2: Strikes out swinging
|
|
Batting: SHB Mitchell Greene
|
0-0: Called Strike 0-1: Ball 1-1: Foul Ball, location: 2F 1-2: Ground out 1-3 (Groundball, 13, EV 73.1 MPH)
|
| Top of the 5th over - 0 runs, 1 hit, 0 errors, 1 left on base; Milwaukee 0 - San Francisco 1 |
| BOTTOM OF THE 5TH |
|
San Francisco Giants batting - Pitching for Milwaukee Brewers : RHP Cody Autry
|
|
Batting: RHB Nate Hodson
|
0-0: Called Strike 0-1: Swinging Strike 0-2: Ball 1-2: Foul Ball, location: 2F 1-2: Foul Ball, location: 2F 1-2: Foul Ball, location: 2F 1-2: Strikes out swinging
|
|
Batting: RHB Cesar Martinez
|
0-0: Ground out 5-3 (Groundball, 56, EV 103.1 MPH)
|
|
Batting: SHB Ryan Doss
|
0-0: Ball 1-0: Called Strike 1-1: Called Strike 1-2: Ball 2-2: Foul Ball, location: 2F 2-2: Ball 3-2: Ground out 4-3 (Groundball, 4, EV 83.1 MPH)
|
| Bottom of the 5th over - 0 runs, 0 hits, 0 errors, 0 left on base; Milwaukee 0 - San Francisco 1 |
| TOP OF THE 6TH |
|
Milwaukee Brewers batting - Pitching for San Francisco Giants : RHP Curt Howland
|
|
Batting: RHB Akitada Nishizawa
|
0-0: Ball 1-0: Ball 2-0: Called Strike 2-1: Swinging Strike 2-2: Strikes out swinging
|
|
Batting: SHB Junzo Kato
|
0-0: Called Strike 0-1: Ball 1-1: Swinging Strike 1-2: Ground out U3 (Groundball, 23, EV 86.9 MPH)
|
|
Batting: SHB Lewis Thorpe Jr.
|
0-0: SOLO HOME RUN (Flyball, 9LD, EV 90.0 MPH), Distance : 324 ft
|
|
Batting: LHB Eric Klasek
|
0-0: Ball 1-0: Called Strike 1-1: Ball 2-1: Ball 3-1: Foul Ball, location: 2F 3-2: Strikes out looking
|
| Top of the 6th over - 1 run, 1 hit, 0 errors, 0 left on base; Milwaukee 1 - San Francisco 1 |
| BOTTOM OF THE 6TH |
|
San Francisco Giants batting - Pitching for Milwaukee Brewers : RHP Cody Autry
|
|
Batting: RHB Bill Defazio
|
0-0: Ball 1-0: Ball 2-0: Ball 3-0: Foul Ball, location: 2F 3-1: Base on Balls
|
|
Batting: LHB Jack Henningar
|
0-0: Ball 1-0: Ball 2-0: SINGLE (Groundball, 4D, EV 102.5 MPH) Bill Defazio to second Runner from 2nd tries for 3rd, SAFE, throw by CF made to third
|
|
Pitching: LHP Jamie Blake
|
|
|
Batting: LHB Carey Horncole
|
0-0: Ball 1-0: Grounds into double play, 4-6-3 (Groundball, 4, EV 86.2 MPH) Bill Defazio scores
|
|
Batting: LHB Tom Best
|
0-0: Foul Ball, location: 2F 0-1: Ball 1-1: Called Strike 1-2: Ball 2-2: Foul Ball, location: 2F 2-2: Ball 3-2: Foul Ball, location: 2F 3-2: Fly out, F8 (Line Drive, 8RM, EV 87.5 MPH)
|
| Bottom of the 6th over - 1 run, 1 hit, 0 errors, 0 left on base; Milwaukee 1 - San Francisco 2 |
| TOP OF THE 7TH |
|
Milwaukee Brewers batting - Pitching for San Francisco Giants : RHP Curt Howland
|
|
Batting: LHB Ernesto Cedillos
|
0-0: Called Strike 0-1: Fly out, F7 (Flyball, 7S, EV 76.9 MPH)
|
|
Batting: RHB Ryan Neal
|
0-0: Called Strike 0-1: DOUBLE (Flyball, 78XD, EV 96.2 MPH)
|
|
Pitching: RHP Filip Nebylitsin
|
|
|
Batting: RHB Noah Stanley
|
0-0: Swinging Strike 0-1: Fly out, F4 (Popup, 23, EV 89.4 MPH)
|
|
Batting: LHB Gabe Harvey
|
0-0: Called Strike 0-1: Ball 1-1: Ball 2-1: Fly out, F3 (Line Drive, 3, EV 63.1 MPH)
|
| Top of the 7th over - 0 runs, 1 hit, 0 errors, 1 left on base; Milwaukee 1 - San Francisco 2 |
| BOTTOM OF THE 7TH |
|
San Francisco Giants batting - Pitching for Milwaukee Brewers : LHP Jamie Blake
|
|
Batting: SHB Bill Dooms
|
0-0: DOUBLE (Line Drive, 7LM, EV 97.5 MPH)
|
|
Pinch Hitting: RHB Sean Zielinski
|
0-0: Intentional Walk
|
|
Batting: RHB Nate Hodson
|
0-0: Bunted foul 0-1: Ball 1-1: Ball 2-1: Sac Bunt to 3S - play at first, batter OUT! 3-4 Bill Dooms to third Sean Zielinski to second
|
|
Batting: RHB Cesar Martinez
|
0-0: Ball 1-0: Fly out, F7 (Line Drive, 78S, EV 105.6 MPH)
|
|
Batting: SHB Ryan Doss
|
0-0: Hit by Pitch
|
|
Batting: RHB Bill Defazio
|
0-0: Ball 1-0: Called Strike 1-1: Ball 2-1: Called Strike 2-2: Ground out 1-3 (Groundball, 13S, EV 75.0 MPH)
|
| Bottom of the 7th over - 0 runs, 1 hit, 0 errors, 3 left on base; Milwaukee 1 - San Francisco 2 |
| TOP OF THE 8TH |
|
Milwaukee Brewers batting - Pitching for San Francisco Giants : RHP Filip Nebylitsin
|
|
Pitching: LHP Caleb Mullinax
|
|
|
Now in LF: Cesar Martinez
|
|
|
Now in CF: Nick Rigden
|
|
|
Now in RF: Tom Best
|
|
|
Batting: SHB Mitchell Greene
|
0-0: SOLO HOME RUN (Flyball, 78XD, EV 105.0 MPH), Distance : 412 ft
|
|
Batting: RHB Akitada Nishizawa
|
0-0: Ball 1-0: Foul Ball, location: 2F 1-1: Ball 2-1: Foul Ball, location: 2F 2-2: Ball 3-2: Strikes out looking
|
|
Batting: SHB Junzo Kato
|
0-0: Ball 1-0: Foul Ball, location: 2F 1-1: Ball 2-1: Swinging Strike 2-2: Ball 3-2: Strikes out swinging
|
|
Batting: SHB Lewis Thorpe Jr.
|
0-0: SINGLE (Groundball, 4M, EV 95.0 MPH)
|
|
Pinch Hitting: RHB Dave Gonzalez
|
0-0: Ball Lewis Thorpe Jr. is caught stealing 2nd base 2-4
|
| Top of the 8th over - 1 run, 2 hits, 0 errors, 0 left on base; Milwaukee 2 - San Francisco 2 |
| BOTTOM OF THE 8TH |
|
San Francisco Giants batting - Pitching for Milwaukee Brewers : LHP Jamie Blake
|
|
Pitching: RHP Chitoji Takemoto
|
|
|
Now in LF: Pat Wilson
|
|
|
Batting: LHB Jack Henningar
|
0-0: Called Strike 0-1: Fly out, F3 (Popup, 3F, EV 71.9 MPH)
|
|
Batting: LHB Carey Horncole
|
0-0: Fly out, F8 (Line Drive, 8RM, EV 101.2 MPH)
|
|
Batting: LHB Tom Best
|
0-0: Foul Ball, location: 2F 0-1: Ball 1-1: Foul Ball, location: 2F 1-2: Ball 2-2: Ball 3-2: Strikes out looking
|
| Bottom of the 8th over - 0 runs, 0 hits, 0 errors, 0 left on base; Milwaukee 2 - San Francisco 2 |
| TOP OF THE 9TH |
|
Milwaukee Brewers batting - Pitching for San Francisco Giants : LHP Caleb Mullinax
|
|
Pitching: RHP Andrew Kindig
|
|
|
Batting: SHB Pat Wilson
|
0-0: Called Strike 0-1: Ball 1-1: Ball 2-1: Foul Ball, location: 2F 2-2: Ball 3-2: DOUBLE (Flyball, 89D, EV 98.8 MPH)
|
|
Batting: LHB Ernesto Cedillos
|
0-0: Intentional Walk
|
|
Batting: RHB Ryan Neal
|
0-0: Sac Bunt to 13S - play at first, batter OUT! 1-4 Pat Wilson to third Ernesto Cedillos to second
|
|
Batting: RHB Noah Stanley
|
0-0: Called Strike 0-1: Ball 1-1: Foul Ball, location: 2F 1-2: Strikes out swinging
|
|
Batting: LHB Gabe Harvey
|
0-0: Ball 1-0: Called Strike 1-1: Ball 2-1: Foul Ball, location: 2F 2-2: SINGLE (Line Drive, 4D, EV 96.9 MPH) Pat Wilson scores Ernesto Cedillos to third
|
|
Batting: SHB Mitchell Greene
|
0-0: Ball 1-0: Foul Ball, location: 2F 1-1: SINGLE (Groundball, 6M, EV 87.5 MPH) (infield hit) Ernesto Cedillos scores Gabe Harvey to second
|
|
Batting: RHB Akitada Nishizawa
|
0-0: Called Strike 0-1: Ball 1-1: Called Strike 1-2: Fielders Choice at 2nd, 6-4 (Groundball, 56, EV 88.1 MPH)
|
| Top of the 9th over - 2 runs, 3 hits, 0 errors, 2 left on base; Milwaukee 4 - San Francisco 2 |
| BOTTOM OF THE 9TH |
|
San Francisco Giants batting - Pitching for Milwaukee Brewers : RHP Chitoji Takemoto
|
|
Pitching: RHP John Owens
|
|
|
Now at 1B: Junzo Kato
|
|
|
Now at 2B: Noah Stanley
|
|
|
Now at SS: Kisho Ito
|
|
|
Batting: SHB Bill Dooms
|
0-0: Ball 1-0: Ball 2-0: Called Strike 2-1: Fly out, F7 (Flyball, 7LM, EV 86.2 MPH)
|
|
Batting: RHB Nick Rigden
|
0-0: Ball 1-0: Ball 2-0: Called Strike 2-1: Ball 3-1: Base on Balls
|
|
Batting: RHB Nate Hodson
|
0-0: Swinging Strike 0-1: Ball 1-1: Ball 2-1: Foul Ball, location: 2F 2-2: Strikes out swinging
|
|
Batting: RHB Cesar Martinez
|
0-0: Ground out 4-3 (Groundball, 4S, EV 73.1 MPH)
|
| Bottom of the 9th over - 0 runs, 0 hits, 0 errors, 1 left on base; Milwaukee 4 - San Francisco 2 |
|